 Dungeon Crawl Stone Soup version 0.23-a0-385-gb2d581486a (webtiles) character file.

584751 PikkenKukken the Slayer (level 27, -10/188 HPs)
             Began as a Gargoyle Fighter on Oct 28, 2018.
             Was the Champion of the Shining One.
             Killed from afar by a lich (68 damage)
             ... with a crystal spear
             ... on level 4 of the Vaults.
             The game lasted 03:36:35 (73881 turns).

PikkenKukken the Slayer (Gargoyle Fighter)         Turns: 73881, Time: 03:36:36

Health: -10/188    AC: 47    Str: 25    XL:     27
Magic:  34/34      EV:  8    Int: 20    God:    the Shining One [******]
Gold:   3179       SH: 15    Dex:  9    Spells: 22/40 levels left

rFire    + + +     SeeInvis +   B - +9 eveningstar (holy)
rCold    + + +     Gourm    .   o - +1 shield {rN+}
rNeg     + + +     Faith    .   P - +0 gold dragon scales
rPois    ∞         Spirit   .   g - +2 helmet {Int+3}
rElec    +         Reflect  .   l - scarf {rC+ rF+}
rCorr    .         Harm     .   d - +0 pair of gloves
MR       +++++                  V - +0 pair of boots "Huilow" {rPois rN++ MR+}
Stlth    ..........             L - amulet of Due Proportion {rC+ MR++ Regen+}
HPRegen  0.81/turn              y - ring of wizardry
MPRegen  0.24/turn              R - ring "Jupu" {rF+ Slay+2 SInv}

@: corroded, flying, glowing
A: big wings, negative energy resistance 1, electricity resistance, unbreathing,
petrification resistance, rot immunity, AC +20
}: 2/15 runes: decaying, serpentine
a: Stop Flying, Divine Shield, Cleansing Flame, Summon Divine Warrior, Renounce
Religion


You were on level 4 of the Vaults.
You worshipped the Shining One.
The Shining One was exalted by your worship.
You were full.

You visited 10 branches of the dungeon, and saw 48 of its levels.
You visited the Abyss 1 time.
You visited 1 bazaar.
You also visited: Ice Cave.

You collected 6401 gold pieces.
You spent 3222 gold pieces at shops.

Inventory:

Hand Weapons
 B - a +9 eveningstar of holy wrath (weapon)
Armour
 d - a +0 pair of gloves (worn)
 g - a +2 helmet of intelligence (worn)
 l - a scarf of resistance (worn)
 o - a +1 shield of positive energy (worn)
 C - the +1 plate armour of Tyedd {rF++ rC- rN+ Int+3}
   (You bought it in a shop in a bazaar)

   It affects your intelligence (+3).
   It greatly protects you from fire.
   It makes you vulnerable to cold.
   It protects you from negative energy.
 K - a scarf of repulsion
 P - +0 gold dragon scales (worn)
 U - a scarf of cloud immunity
 V - the +0 pair of boots "Huilow" (worn) {rPois rN++ MR+}
   (You found it on level 3 of the Vaults)

   It protects you from poison.
   It greatly protects you from negative energy.
   It affects your resistance to hostile enchantments.
Jewellery
 y - a ring of wizardry (left hand)
 H - an uncursed ring of resist corrosion
 L - the amulet of Due Proportion (around neck) {rC+ MR++ Regen+}
   (You found it on level 3 of the Elven Halls)

   [amulet of regeneration]

   It protects you from cold.
   It affects your resistance to hostile enchantments.
   It increases your rate of regeneration.
 Q - a +5 ring of evasion
 R - the ring "Jupu" (right hand) {rF+ Slay+2 SInv}
   (You found it on level 3 of the Crypt)

   [ring of protection from fire]

   It affects your accuracy and damage with ranged weapons and melee attacks
   (+2).
   It protects you from fire.
   It lets you see invisible.
 Z - a +5 ring of intelligence
Wands
 a - a wand of iceblast (55)
 b - a wand of scattershot (7)
 h - a wand of digging (12)
 A - a wand of paralysis (84)
Scrolls
 i - 2 scrolls of silence
 n - 27 scrolls of remove curse
 p - 27 scrolls of identify
 q - 6 scrolls of teleportation
 s - a scroll of acquirement
 t - 10 scrolls of amnesia
 u - 6 scrolls of enchant armour
 v - 4 scrolls of fear
 D - 2 scrolls of immolation
 E - 6 scrolls of fog
 F - a scroll of blinking
 N - a scroll of enchant weapon
 W - 3 scrolls of vulnerability
 X - 3 scrolls of holy word
 Y - 6 scrolls of summoning
Potions
 e - 20 potions of curing
 k - 5 potions of heal wounds
 m - 2 potions of might
 r - 6 potions of mutation
 w - 8 potions of magic
 x - 2 potions of haste
 z - 4 potions of resistance
 G - 10 potions of brilliance
 J - 2 potions of berserk rage
 M - 5 potions of agility
 O - 3 potions of ambrosia
 S - a potion of experience
 T - 2 potions of cancellation
Miscellaneous
 I - 4 phantom mirrors
Comestibles
 f - 64 rations


   Skills:
 + Level 23.5 Fighting
 - Level 16.0 Maces & Flails
 + Level 20.0 Armour
 + Level 5.8 Dodging
 - Level 15.0 Shields
 + Level 7.4 Spellcasting
 - Level 14.0 Charms
 - Level 4.0 Summonings
 + Level 15.4 Translocations
 - Level 15.0 Air Magic
 + Level 15.3 Invocations


You had 22 spell levels left.
You knew the following spells:

 Your Spells              Type           Power        Failure   Level  Hunger
a - Apportation           Tloc           ######       1%          1    None
b - Lesser Beckoning      Tloc           ######....   1%          3    #......
c - Summon Lightning Spi  Summ/Air       #####...     11%         4    ###....
d - Deflect Missiles      Chrm/Air       ######....   21%         6    ######.
e - Swiftness             Chrm/Air       ######..     1%          2    None
f - Blink                 Tloc           N/A          1%          2    None

Your spell library contained the following spells:

 Spells                   Type           Power        Failure   Level  Hunger
 Shroud of Golubria       Chrm/Tloc      ######....   1%          2    None
 Gell's Gravitas          Tloc           ######....   1%          3    #......
 Teleport Other           Tloc           ######..     1%          3    #......
 Airstrike                Air            ######....   1%          4    ###....
 Passage of Golubria      Tloc           N/A          1%          4    ###....
 Shock                    Conj/Air       ####         2%          1    None
 Portal Projectile        Hex/Tloc       #####.       7%          3    #......
 Static Discharge         Conj/Air       #####...     8%          3    #......
 Regeneration             Chrm/Necr      #####.....   9%          3    #......
 Summon Butterflies       Summ           ###.....     11%         1    None
 Summon Small Mammal      Summ           ###.         11%         1    None
 Dispersal                Tloc           ######....   14%         6    ######.
 Call Imp                 Summ           ###.....     16%         2    None
 Force Lance              Conj/Tloc      #####...     22%         4    ###....
 Summon Forest            Summ/Tloc      #####.....   26%         5    #####..
 Call Canine Familiar     Summ           ###.....     30%         3    #......
 Animate Skeleton         Necr           N/A          45%         1    None
 Beastly Appendage        Tmut           #.....       45%         1    None
 Confusing Touch          Hex            #.....       45%         1    None
 Corona                   Hex            #......      45%         1    None
 Freeze                   Ice            #...         45%         1    None
 Magic Dart               Conj           #...         45%         1    None
 Pain                     Necr           #...         45%         1    None
 Sting                    Conj/Pois      #...         45%         1    None
 Lightning Bolt           Conj/Air       #####.....   52%         5    #####..
 Silence                  Hex/Air        #####.....   52%         5    #####..
 Summon Guardian Golem    Hex/Summ       ###.....     54%         3    #......
 Ensorcelled Hibernation  Hex/Ice        #.....       58%         2    None
 Searing Ray              Conj           #.....       58%         2    None
 Slow                     Hex            #.......     58%         2    None
 Sticks to Snakes         Tmut           #.......     58%         2    None
 Throw Frost              Conj/Ice       #.....       58%         2    None
 Iskenderun's Battlesphe  Conj/Chrm      #####...     61%         5    #####..
 Confuse                  Hex            #.......     82%         3    #......
 Dazzling Spray           Conj/Hex       #.....       82%         3    #......
 Ignite Poison            Fire/Tmut/Pois #.......     82%         3    #......
 Inner Flame              Hex/Fire       #.......     82%         3    #......
 Spider Form              Tmut/Pois      #.........   82%         3    #......
 Tukima's Dance           Hex            #.......     82%         3    #......
 Vampiric Draining        Necr           #.........   82%         3    #......
 Summon Ice Beast         Ice/Summ       ###.....     90%         4    ###....
 Summon Demon             Summ           ###.......   94%         5    #####..
 Conjure Ball Lightning   Conj/Air       #####.....   97%         6    ######.
 Cause Fear               Hex            #.........   99%         4    ###....
 Fulminant Prism          Conj/Hex       #.........   99%         4    ###....
 Ice Form                 Ice/Tmut       #.......     99%         4    ###....
 Iskenderun's Mystic Bla  Conj           #.......     99%         4    ###....
 Leda's Liquefaction      Hex/Erth       #.........   99%         4    ###....
 Olgreb's Toxic Radiance  Pois           #.......     99%         4    ###....
 Petrify                  Tmut/Erth      #.......     99%         4    ###....
 Sticky Flame             Conj/Fire      #.......     99%         4    ###....
 Controlled Blink         Tloc           N/A          99%         8    #######
 Disjunction              Tloc           ######....   99%         8    #######
 Agony                    Necr           #.......     100%        5    #####..
 Alistair's Intoxication  Tmut/Pois      #.......     100%        5    #####..
 Blade Hands              Tmut           #.........   100%        5    #####..
 Bolt of Magma            Conj/Fire/Erth #.........   100%        5    #####..
 Borgnjor's Vile Clutch   Necr/Erth      #.........   100%        5    #####..
 Dispel Undead            Necr           #.......     100%        5    #####..
 Fireball                 Conj/Fire      #.........   100%        5    #####..
 Irradiate                Conj/Tmut      #.........   100%        5    #####..
 Metabolic Englaciation   Hex/Ice        #.........   100%        5    #####..
 Venom Bolt               Conj/Pois      #.........   100%        5    #####..
 Yara's Violent Unravell  Hex/Tmut       #.........   100%        5    #####..
 Bolt of Cold             Conj/Ice       #.........   100%        6    ######.
 Bolt of Fire             Conj/Fire      #.........   100%        6    ######.
 Hydra Form               Tmut           #.........   100%        6    ######.
 Invisibility             Hex            #.......     100%        6    ######.
 Iron Shot                Conj/Erth      #.........   100%        6    ######.
 Simulacrum               Ice/Necr       #.........   100%        6    ######.
 Haunt                    Necr/Summ      ###.......   100%        7    #######
 Malign Gateway           Summ/Tloc      #####.....   100%        7    #######
 Orb of Destruction       Conj           #.........   100%        7    #######
 Ring of Flames           Chrm/Fire      #####.....   100%        7    #######
 Spellforged Servitor     Conj/Summ      ###.......   100%        7    #######
 Borgnjor's Revivificati  Necr           #.........   100%        8    #######
 Death's Door             Chrm/Necr      #####.....   100%        8    #######
 Discord                  Hex            #.........   100%        8    #######
 Ignition                 Fire           #.........   100%        8    #######
 Infestation              Necr           #.........   100%        8    #######
 Necromutation            Tmut/Necr      #.........   100%        8    #######
 Dragon's Call            Summ           ###.......   100%        9    #######
 Tornado                  Air            ######....   100%        9    #######
 Statue Form              Tmut/Erth      Unusable     N/A         6    N/A

Dungeon Overview and Level Annotations

Branches:
Dungeon (15/15)            Temple (1/1) D:5            Lair (6/6) D:10
  Swamp (4/4) Lair:4        Snake (4/4) Lair:3        Slime (0/5) Lair:5
    Orc (2/2) D:9             Elf (3/3) Orc:2        Vaults (5/5) D:13
  Crypt (3/3) Vaults:3       Tomb (0/3) Crypt:3      Depths (5/5) D:15
    Zot (0/5) Depths:5

Altars:
Ashenzari
Cheibriados
Dithmenos
Elyvilon
Fedhas
Gozag
Hepliaklqana
Kikubaaqudgha
Nemelex Xobeh
Okawaru
Qazlal
Ru
Sif Muna
Trog
Uskayaw
Vehumet
Wu Jian
Xom
Yredelemnul
Zin
The Shining One
Beogh
Jiyva

Shops:
D:4 !   D:9 %   D:11 %   D:12 :   Orc:2 *:!*   Elf:1 :(*   Elf:3 }=   Snake:2 *
Vaults:4 [}

Portals:
Hell: Depths:1 Depths:2 Depths:3 Depths:4 Depths:5
Abyss: Depths:2 Depths:4
Pandemonium: Depths:2 Depths:3
Ziggurat: Depths:3

Annotations:
Elf:3 1 runed door, temitten's ghost, adept MiBe
Depths:4 1 runed door, Ufys's ghost, veteran GrFE


Innate Abilities, Weirdness & Mutations

You are resistant to torment.
Your stone body is resilient. (AC +20)
You are immune to poison.
Your large and strong wings let you fly indefinitely.
You resist negative energy. (rN+)
You are resistant to electric shocks. (rElec)
You can survive without breathing.
You are immune to petrification.
You are immune to rotting.


Message History

The bolt of acid hits you! The acid corrodes you!
You are splashed with acid!
The acid burns!
You hit the storm dragon.
The storm dragon is almost dead.
The lich points at you and mumbles some strange words.
The crystal spear hits you!
Ouch! That really hurt!
The storm dragon breathes lightning at you.
The bolt of lightning hits you!
You puncture the lich!
The lich convulses!
The lich is moderately damaged.
The lich touches you but does no damage.
You block the storm dragon's attack.
The storm dragon claws you but does no damage.
The storm dragon tramples you but does no damage.
You puncture the lich!
The lich convulses!
The lich is heavily damaged.
The lich points at you and mumbles some strange words.
The crystal spear hits you!
You die...

### #......# #......#### ..#
#......# #.......### ..#
#......##########'### (.#
#......#...........# ..#
#......#.#.#.#.#.#.# ..#
#......#...........# ..#
#......'.#.#[#.#.#.# ..#
########(..LD[.....# ###
#.#.#@#.#.#.#
############...........#
...........#.#.#.#.#.#.#
...........'...........##########
#'####....(#(#.#.#.#.#.#.........
.....#....([(./........'.........
.....#....(###+#########.########
.....#.....##......# #...####..
.....#.....##......# #....##...


You could see a storm dragon and a lich.

Vanquished Creatures
  Khufu (Crypt:2)
  An ancient lich (Depths:4)
  Sojobo (Crypt:3)
  A greater mummy (Crypt:2)
  The ghost of Sydeak the Slayer, a veteran CeHu of Okawaru (Vaults:2)
  Saint Roka (Crypt:3)
  Xtahua (Depths:5)
  Frederick (Crypt:3)
  The ghost of Ciwnetz the Metallomancer, an adept GrEE of Vehumet (Vaults:2)
  Margery (Depths:3)
  A curse toe (Crypt:3)
  16 caustic shrikes
  3 golden dragons
  Nikola (Vaults:2)
  2 bone dragons
  Rupert (D:13)
  The ghost of Fol Koek the Eclecticist, an adept GrEE of Vehumet (Vaults:1)
  The ghost of Fol Koek the Eclecticist, an adept GrEE of Vehumet (Vaults:2)
  3 tentacled monstrosities
  3 deep elf blademasters
  10 liches
  2 deep elf master archers (Elf:3)
  2 quicksilver dragons
  The ghost of Dehatel the Champion of Chaos, an adept DDFi of Makhleb (Vaults:2)
  2 tentacled starspawn (Abyss:1)
  Kirke (Swamp:1)
  5 shadow dragons
  3 thorn hunters (Swamp:4)
  12 sphinxes
  10 tengu reavers
  Roxanne (D:14)
  4 revenants
  6 ancient champions (Crypt:3)
  A frost giant (shapeshifter) (Vaults:4)
  8 nagarajas
  3 deep elf sorcerers
  4 storm dragons
  8 frost giants
  12 vault wardens
  6 fire giants
  A ghost moth (shapeshifter) (Depths:4)
  An iron dragon (Depths:3)
  8 ghouls
  3 spriggan defenders
  12 ironheart preservers
  2 draconian shifters (Depths:5)
  5 deep elf elementalists
  A war gargoyle (Vaults:5)
  6 very ugly things
  20 stone giants
  An entropy weaver (Vaults:4)
  A black draconian (Depths:5)
  8 vampire knights
  5 deep elf demonologists (Elf:3)
  3 white draconians (Depths:5)
  2 red draconians (Depths:5)
  Azrael (D:12)
  Nessos (Orc:2)
  A purple draconian (Depths:5)
  10 deep elf annihilators
  9 spark wasps
  7 deep elf death magi
  13 ettins
  9 fire dragons
  4 eidola
  15 jiangshi
  5 mummy priests
  Josephine (Lair:4)
  15 yaktaur captains
  A quicksilver dragon zombie (Depths:4)
  6 deep elf high priests
  6 great orbs of eyes
  10 hydras
  21 naga warriors
  6 rakshasas
  6 spriggan air magi
  A ghost crab (Swamp:4)
  9 ice dragons
  34 vault guards
  10 centaur warriors
  7 death knights
  A queen ant (shapeshifter) (Depths:3)
  60 two-headed ogres
  Erica (D:8)
  An alligator (shapeshifter) (D:15)
  11 anacondas
  8 tengu warriors
  14 alligators
  A shambling mangrove (Swamp:3)
  18 ogre magi
  22 dancing weapons
  12 deep troll shamans
  6 vampire magi
  8 deep troll earth magi
  2 orc high priests (Orc:2)
  12 naga sharpshooters
  10 small abominations
  4 spriggan berserkers
  6 shock serpents
  2 wretched stars (Abyss:1)
  A soul eater (Depths:4)
  22 deep elf knights
  40 slime creatures
  2 shadow wraiths
  7 iron trolls
  23 hell knights
  4 large abominations
  22 skeletal warriors
  36 deep trolls
  4 salamander mystics
  2 flayed ghosts
  A fire crab (shapeshifter) (Depths:1)
  An entropy weaver zombie (Crypt:3)
  2 unseen horrors
  4 sea snakes
  11 swamp dragons
  A golden dragon zombie (Depths:4)
  A spatial maelstrom (Abyss:1)
  2 spriggan druids
  7 phantasmal warriors
  8 naga ritualists
  3 glowing orange brains
  A wizard (Depths:1)
  8 necromancers
  21 deep elf archers
  10 ironbrand convokers
  An iron dragon zombie (Crypt:1)
  58 ugly things
  4 wolf spiders
  5 harpies (Vaults:1)
  4 orc sorcerers
  A salamander (shapeshifter) (Vaults:1)
  4 manticores
  17 orc knights
  12 mana vipers
  An orb spider (shapeshifter) (Depths:1)
  62 deep elf magi
  A fire giant zombie (Depths:4)
  5 cyclopes
  A manticore (shapeshifter) (Depths:3)
  17 salamanders
  A guardian serpent (shapeshifter) (Vaults:2)
  A worldbinder (Abyss:1)
  A frost giant skeleton (Crypt:3)
  An elephant (Lair:5)
  27 naga magi
  15 vault sentinels
  50 black mambas
  A black mamba (shapeshifter) (D:15)
  An elephant (shapeshifter) (D:15)
  An orange demon (Abyss:1)
  2 torpor snails (Lair:5)
  An iron dragon skeleton (Crypt:1)
  A torpor snail (shapeshifter) (Depths:1)
  3 guardian serpents
  2 rust devils
  4 komodo dragons
  20 spiny frogs
  56 yaktaurs
  A hellwing (Abyss:1)
  17 freezing wraiths
  4 rime drakes
  A white draconian skeleton (Crypt:2)
  A komodo dragon (shapeshifter) (Depths:3)
  2 efreet
  A black draconian skeleton (Crypt:2)
  10 guardian mummies
  A jumping spider (Vaults:5)
  3 meliai
  9 trolls
  A troll (shapeshifter) (D:15)
  A minotaur skeleton (Crypt:3)
  A jumping spider (shapeshifter) (D:15)
  2 tengu conjurers
  A queen bee (Lair:4)
  6 blink frogs
  4 polar bears
  13 bog bodies
  Grinder (D:5)
  A wind drake (shapeshifter) (Depths:4)
  20 hornets
  2 raiju (shapeshifter)
  An ettin zombie (Crypt:1)
  2 hydra skeletons
  A fire dragon zombie (Crypt:1)
  7 tyrant leeches
  A dream sheep (Lair:6)
  A snapping turtle (shapeshifter) (Elf:1)
  3 raiju (Abyss:1)
  7 hippogriffs
  A black mamba zombie (Crypt:3)
  An air elemental (Elf:1)
  4 flying skulls (Abyss:1)
  A fire dragon skeleton (Crypt:1)
  6 starcursed masses (Abyss:1)
  A ynoxinul (Abyss:1)
  7 shadows
  45 yaks
  A vampire (D:13)
  A redback (Vaults:4)
  A wyvern (Lair:5)
  22 spriggans
  19 wraiths
  2 basilisks
  10 water elementals
  3 ushabtiu (Crypt:3)
  A black mamba skeleton (Crypt:1)
  5 fire elementals
  A basilisk (shapeshifter) (Depths:5)
  3 chaos spawn (Abyss:1)
  3 hogs
  A neqoxec (D:14)
  Grum (D:10)
  11 vampire mosquitoes
  6 wargs
  21 swamp worms
  A gelid demonspawn zombie (Crypt:1)
  4 insubstantial wisps (Swamp:2)
  A water nymph zombie (Crypt:1)
  66 nagas
  A spatial vortex (Abyss:1)
  4 acid dragons
  3 hell hounds
  7 water moccasins
  2 merfolk skeletons (Crypt:3)
  An orb spider zombie (Crypt:2)
  59 orc warriors
  7 swamp drakes
  16 porcupines
  9 black bears
  2 snapping turtle zombies (Crypt:1)
  A black bear (shapeshifter) (Vaults:2)
  A necrophage (Crypt:2)
  10 ice beasts
  2 sky beasts
  An eye of draining (D:11)
  42 ogres
  36 wolves
  30 centaurs
  A hog zombie (Crypt:3)
  7 boggarts
  A torpor snail zombie (Crypt:1)
  13 crocodiles
  2 human skeletons (Vaults:1)
  A manticore skeleton (Crypt:2)
  Blork the orc (D:5)
  A yaktaur skeleton (Crypt:2)
  4 earth elementals
  2 elf skeletons
  A gnoll sergeant (D:7)
  18 bullfrogs
  A wyvern zombie (D:14)
  A human simulacrum (Vaults:1)
  7 jellies
  A wyvern skeleton (Crypt:2)
  6 scorpions
  105 killer bees
  11 wights
  A yak skeleton (Crypt:2)
  7 electric eels
  5 howler monkeys
  8 crimson imps
  A quasit (D:12)
  2 draconian simulacra (IceCv)
  3 centaur zombies
  36 orc priests
  3 centaur skeletons
  5 hounds
  27 orc wizards
  2 bullfrog skeletons
  2 iguanas (D:10)
  3 spriggan simulacra (IceCv)
  12 worker ants
  A polar bear simulacrum (IceCv)
  4 troll simulacra (IceCv)
  A killer bee zombie (Crypt:3)
  3 wolf simulacra (IceCv)
  A naga zombie (Crypt:2)
  3 centaur simulacra (IceCv)
  2 hound zombies
  A felid skeleton (Crypt:1)
  A howler monkey zombie (Crypt:1)
  11 gnolls
  A worker ant zombie (D:6)
  3 naga simulacra (IceCv)
  3 ogre simulacra (IceCv)
  19 adders
  A shadow imp (D:10)
  13 white imps
  7 oozes
  An adder skeleton (D:4)
  A lava snake skeleton (Crypt:1)
  3 worms
  A barachi zombie (Crypt:2)
  2 dart slugs
  2 leopard geckos
  134 orcs
  A ball python (D:1)
  6 giant cockroaches
  8 goblins
  10 hobgoblins
  4 jackals
  5 quokkas
  A ball python skeleton (Crypt:2)
  10 bats
  4 frilled lizards
  2 hobgoblin zombies (Crypt:1)
  5 kobolds
  6 rats
  A briar patch (Swamp:4)
  A crawling corpse (Depths:4)
  2 starspawn tentacles (Abyss:1)
2450 creatures vanquished.

Vanquished Creatures (collateral kills)
  Mara (Vaults:4)
  A juggernaut (Depths:2)
  A tentacled monstrosity (Depths:3)
  Asterion (Vaults:2)
  2 tengu reavers (Crypt:3)
  Frances (D:13)
  A deep elf sorcerer (Elf:3)
  An orc warlord (Orc:2)
  2 stone giants (Depths:2)
  An eidolon (Crypt:3)
  A deep elf death mage (Elf:3)
  A vault guard (D:13)
  A great orb of eyes (Vaults:4)
  4 hydras (Swamp:4)
  3 orc high priests (Orc:2)
  A spriggan berserker (Depths:3)
  A hell knight (Depths:3)
  A skeletal warrior (Crypt:3)
  2 shadow wraiths (Crypt:3)
  A deep troll (Vaults:1)
  A flayed ghost (Crypt:3)
  2 swamp dragons (Swamp:4)
  An orc knight (Vaults:4)
  2 ironbrand convokers (Vaults:2)
  2 orc sorcerers
  A fire giant zombie (Crypt:3)
  An ugly thing (D:13)
  An ice statue (IceCv)
  An elephant (shapeshifter) (Vaults:2)
  2 freezing wraiths
  A yaktaur (Vaults:1)
  A guardian mummy (Crypt:3)
  A tyrant leech (D:13)
  2 hornets (Depths:3)
  2 vampires (D:13)
  2 spriggans (Depths:3)
  A wraith (D:13)
  12 orc warriors
  5 swamp drakes (Swamp:4)
  2 ogres (Orc:2)
  2 sky beasts (D:13)
  A snapping turtle skeleton (Crypt:3)
  7 orc priests
  2 orc wizards
  A spriggan simulacrum (IceCv)
  An ogre simulacrum (IceCv)
  14 orcs
99 creatures vanquished.

Vanquished Creatures (others)
  An ironheart preserver (Vaults:5)
  A deep elf demonologist (Elf:3)
  A stone giant (Vaults:3)
  An ice dragon (Depths:5)
  A spriggan druid (Swamp:4)
  3 deep elf magi
  A vault sentinel (Vaults:3)
  A polar bear (Lair:5)
  A human (Swamp:1)
  A naga (Snake:4)
  A warg (Vaults:3)
  2 centaurs
  An ogre (Vaults:5)
  2 orc wizards
  2 briar patches (Swamp:4)
  51 bushes (Depths:1)
  33 fungi
  16 plants
  4 starspawn tentacles (Abyss:1)
124 creatures vanquished.

Grand Total: 2673 creatures vanquished

Notes
Turn   | Place    | Note
-------+----------+-------------------------------------------
     0 | D:1      | PikkenKukken the Gargoyle Fighter began the quest for the
                  | Orb.
     0 | D:1      | Reached XP level 1. HP: 14/14 MP: 1/1
    19 | D:1      | Reached XP level 2. HP: 19/19 MP: 2/2
   359 | D:1      | Reached XP level 3. HP: 21/23 MP: 3/3
  1049 | D:1      | Reached XP level 4. HP: 12/29 MP: 4/4
  1630 | D:2      | Reached skill level 4 in Fighting
  1684 | D:2      | Reached XP level 5. HP: 33/33 MP: 5/5
  2146 | D:3      | Found a faded altar of an unknown god.
  2411 | D:3      | Reached XP level 6. HP: 14/38 MP: 6/6
  2998 | D:4      | Found Zyrum's Distillery.
  3179 | D:4      | Bought a potion of mutation for 88 gold pieces
  3295 | D:4      | Reached XP level 7. HP: 42/44 MP: 7/7
  3407 | D:4      | Reached skill level 5 in Maces & Flails
  3607 | D:5      | Entered Level 5 of the Dungeon
  3656 | D:5      | Reached skill level 5 in Shields
  3906 | D:5      | Found a staircase to the Ecumenical Temple.
  3927 | D:5      | Reached skill level 5 in Fighting
  3927 | D:5      | Reached skill level 5 in Armour
  3937 | Temple   | Entered the Ecumenical Temple
  4042 | Temple   | Became a worshipper of the Shining One
  4211 | D:5      | Noticed Grinder
  4217 | D:5      | Paralysed by Grinder for 2 turns
  4222 | D:5      | Killed Grinder
  4222 | D:5      | Reached skill level 1 in Invocations
  4222 | D:5      | Reached XP level 8. HP: 32/49 MP: 8/8
  5084 | D:6      | Noticed Blork the orc
  5244 | D:5      | Killed Blork the orc
  5536 | D:6      | Reached skill level 6 in Fighting
  5543 | D:6      | Found an iron altar of Okawaru.
  5577 | D:6      | Reached XP level 9. HP: 54/55 MP: 11/11
  6047 | D:7      | Reached * piety under the Shining One
  6294 | D:7      | Found a stormy altar of Qazlal.
  6658 | D:7      | Found a hide-covered altar of Uskayaw.
  6784 | D:8      | Found a basalt altar of Yredelemnul.
  6830 | D:8      | Reached skill level 5 in Invocations
  6837 | D:8      | Reached XP level 10. HP: 35/60 MP: 13/13
  7005 | D:8      | Found a sparkling altar of Nemelex Xobeh.
  7245 | D:8      | Noticed Erica
  7263 | D:8      | Killed Erica
  7651 | D:8      | Found a blossoming altar of Fedhas.
  8167 | D:9      | Reached skill level 1 in Spellcasting
  8224 | D:9      | Reached skill level 1 in Dodging
  8341 | D:9      | Reached ** piety under the Shining One
  8346 | D:9      | Reached skill level 10 in Maces & Flails
  8411 | D:9      | Found a shattered altar of Ashenzari.
  8422 | D:9      | Found Bairhe's Food Emporium.
  9174 | D:9      | Found a staircase to the Orcish Mines.
  9261 | D:10     | Entered Level 10 of the Dungeon
  9308 | D:10     | Reached XP level 11. HP: 62/66 MP: 15/15
  9375 | D:10     | Reached skill level 7 in Fighting
  9442 | D:10     | Noticed a purple ugly thing
  9463 | D:10     | Killed a purple ugly thing
  9522 | D:10     | Learned a level 1 spell: Apportation
  9547 | D:10     | Found a staircase to the Lair.
  9671 | D:10     | Noticed Grum
  9693 | D:10     | Killed Grum
  9756 | D:10     | Noticed an ettin
  9800 | D:10     | Found a transporter.
  9802 | D:10     | Noticed a cyclops
  9803 | D:10     | Found a roughly hewn altar of Beogh.
  9803 | D:10     | Found a transporter.
  9803 | D:10     | Noticed an ogre mage
  9908 | Lair:1   | Entered Level 1 of the Lair of Beasts
  9936 | Lair:1   | Reached *** piety under the Shining One
 10964 | Lair:2   | Reached XP level 12. HP: 69/73 MP: 17/17
 11041 | Lair:2   | Reached skill level 8 in Fighting
 12573 | Lair:3   | Found a staircase to the Snake Pit.
 12688 | Lair:3   | Reached skill level 5 in Spellcasting
 12953 | Lair:3   | Reached skill level 9 in Fighting
 13577 | Lair:4   | Found a transporter.
 13622 | Lair:4   | Found a sparkling altar of Nemelex Xobeh.
 13688 | Lair:4   | Reached **** piety under the Shining One
 13689 | Lair:4   | Noticed Josephine
 13696 | Lair:4   | Reached skill level 5 in Dodging
 13704 | Lair:4   | Killed Josephine
 13704 | Lair:4   | Reached XP level 13. HP: 80/80 MP: 20/20
 13897 | Lair:4   | Reached skill level 10 in Shields
 14042 | Lair:4   | Found a transporter.
 14230 | Lair:4   | Found a staircase to the Swamp.
 14352 | Lair:5   | Found a frozen archway.
 14353 | Lair:5   | Noticed an ice dragon
 14386 | Lair:5   | Killed an ice dragon
 14446 | IceCv    | Entered an ice cave
 14667 | IceCv    | Reached ***** piety under the Shining One
 14858 | IceCv    | Found an ancient bone altar of Kikubaaqudgha.
 15512 | Lair:5   | Found a glowing golden altar of the Shining One.
 15540 | Lair:5   | Found a staircase to the Slime Pits.
 15545 | Lair:5   | Found a viscous altar of Jiyva.
 15835 | Lair:5   | HP: 3/80 [meliai/divine providence (11)]
 15846 | Lair:4   | HP: 4/80 [killer bee (4)]
 16864 | Lair:6   | Entered Level 6 of the Lair of Beasts
 17306 | Lair:6   | Reached skill level 15 in Maces & Flails
 17315 | Lair:6   | Gained mutation: Your large and strong wings let you fly
                  | indefinitely. [Gargoyle growth]
 17315 | Lair:6   | Reached XP level 14. HP: 86/86 MP: 21/21
 17339 | Lair:6   | Identified The Advanced Guide to Theurgy
 17504 | Lair:6   | Reached ****** piety under the Shining One
 17509 | Lair:6   | Reached skill level 1 in Translocations
 18672 | Orc:1    | Entered Level 1 of the Orcish Mines
 19254 | Orc:2    | Entered Level 2 of the Orcish Mines
 19803 | Orc:2    | Found a roughly hewn altar of Beogh.
 19899 | Orc:2    | Found Joce's Assorted Antiques.
 19913 | Orc:2    | Bought a scroll of identify for 38 gold pieces
 19920 | Orc:2    | Found Qyfix's Distillery.
 20493 | Orc:2    | Found a staircase to the Elven Halls.
 20534 | Orc:2    | Found the +8 frozen axe "Frostbite" {freezing cloud, *Noise
                  | +Fly rC+}
 20973 | Orc:2    | Noticed Nessos
 21370 | Orc:2    | Killed Nessos
 21613 | Orc:2    | Reached skill level 10 in Fighting
 21678 | Orc:2    | Noticed an orc warlord
 21693 | Orc:2    | Killed an orc warlord
 21715 | Orc:2    | Found a roughly hewn altar of Beogh.
 21729 | Orc:2    | Reached XP level 15. HP: 92/92 MP: 16/22
 21780 | Orc:2    | Found Icsim's Book Emporium.
 21839 | Orc:2    | Found Mese's General Store.
 22576 | D:11     | Found Ocihug's Food Boutique.
 22962 | D:12     | Found Byxzuh's Book Shop.
 22999 | D:12     | Bought a book of Party Tricks for 750 gold pieces
 23003 | D:12     | Learned a level 3 spell: Lesser Beckoning
 23008 | D:12     | Learned a level 4 spell: Summon Lightning Spire
 24394 | D:12     | Reached skill level 1 in Summonings
 24394 | D:12     | Reached skill level 1 in Air Magic
 24596 | D:13     | Noticed Frances
 24615 | D:13     | Killed Frances
 24615 | D:13     | Reached skill level 10 in Armour
 24615 | D:13     | Reached skill level 10 in Invocations
 24638 | D:13     | Found a gate to the Vaults.
 24858 | D:13     | Found the +12 Vampire's Tooth {vamp}
 24965 | D:13     | Noticed Azrael
 25122 | D:12     | Killed Azrael
 25254 | D:13     | You are sucked into a shaft for 2 floors!
 25254 | D:15     | Entered Level 15 of the Dungeon
 25734 | D:15     | Identified a scroll of acquirement
 25758 | D:15     | Reached skill level 11 in Fighting
 25771 | D:15     | Reached skill level 5 in Translocations
 26079 | D:15     | Found a roughly hewn altar of Beogh.
 26091 | D:15     | Reached XP level 16. HP: 78/100 MP: 18/23
 26961 | D:15     | Found a staircase to the Depths.
 27164 | D:14     | Identified Roxanne's Tome of Moulding
 27165 | D:14     | Noticed Roxanne
 27844 | D:14     | Killed Roxanne
 28511 | Snake:1  | Entered Level 1 of the Snake Pit
 30453 | Snake:2  | Found Wovvufe's Assorted Antiques.
 30460 | Snake:2  | Bought a tiny malachite amulet for 135 gold pieces
 31013 | Snake:2  | Reached skill level 12 in Fighting
 31159 | Snake:2  | Reached XP level 17. HP: 106/106 MP: 25/25
 31865 | Snake:3  | Learned a level 6 spell: Deflect Missiles
 32236 | Snake:3  | Found a basalt altar of Yredelemnul.
 32870 | Swamp:1  | Entered Level 1 of the Swamp
 33278 | Swamp:1  | Noticed Kirke
 33290 | Swamp:1  | Noticed a sphinx
 33435 | Swamp:1  | Killed Kirke
 34688 | Swamp:3  | Reached skill level 13 in Fighting
 34688 | Swamp:3  | Reached skill level 5 in Air Magic
 35064 | Swamp:3  | Reached XP level 18. HP: 104/114 MP: 27/27
 35409 | Swamp:4  | Entered Level 4 of the Swamp
 35587 | Swamp:4  | Reached skill level 15 in Shields
 36503 | Swamp:4  | Got a decaying rune of Zot
 36709 | Snake:4  | Entered Level 4 of the Snake Pit
 36926 | Snake:3  | Reached skill level 14 in Fighting
 36926 | Snake:3  | Reached skill level 1 in Charms
 38363 | Snake:4  | Reached XP level 19. HP: 101/122 MP: 28/28
 39386 | Snake:4  | Got a serpentine rune of Zot
 39953 | Elf:1    | Entered Level 1 of the Elven Halls
 40028 | Elf:1    | Reached skill level 5 in Charms
 40113 | Elf:1    | Reached skill level 15 in Fighting
 40184 | Elf:1    | Identified the Handbook of Calling
 40487 | Elf:1    | Found Ihayps's Book Shoppe.
 40492 | Elf:1    | Found Xiruka's Weapon Shoppe.
 41074 | Elf:1    | Found Feesined's General Store.
 41082 | Elf:1    | Bought a potion of heal wounds for 70 gold pieces
 41295 | Elf:2    | Reached skill level 15 in Armour
 42005 | Elf:2    | Found a runed gate.
 42005 | Elf:2    | Found a runed gate.
 42010 | Elf:2    | Found a runed gate.
 42343 | Elf:2    | Reached XP level 20. HP: 115/130 MP: 29/29
 42995 | Vaults:1 | Entered Level 1 of the Vaults
 43206 | D:13     | Noticed Rupert
 43221 | D:13     | Killed Rupert
 43564 | Vaults:1 | Reached skill level 16 in Fighting
 43995 | Vaults:1 | Reached skill level 10 in Air Magic
 46016 | Vaults:2 | Reached XP level 21. HP: 128/136 MP: 31/31
 46155 | Vaults:2 | Noticed Asterion
 46167 | Vaults:2 | Killed Asterion
 46282 | Vaults:2 | Found a runed gate.
 46282 | Vaults:2 | Noticed Sydeak's ghost (veteran CeHu)
 46283 | Vaults:2 | Found a runed gate.
 46283 | Vaults:2 | Found a runed gate.
 46284 | Vaults:2 | Noticed Fol Koek's ghost (adept GrEE)
 46284 | Vaults:2 | Noticed Dehatel's ghost (adept DDFi)
 46284 | Vaults:2 | Noticed Ciwnetz's ghost (adept GrEE)
 46285 | Vaults:2 | Noticed Fol Koek's ghost (adept GrEE)
 46525 | Vaults:2 | Reached skill level 15 in Invocations
 47289 | Vaults:3 | Noticed Nikola
 47319 | Vaults:2 | Killed Nikola
 49043 | Vaults:3 | Got a pair of fine boots
 49054 | Vaults:3 | Identified the +0 pair of boots "Huilow" {rPois rN++ MR+}
                  | (You found it on level 3 of the Vaults)
 49187 | Vaults:3 | Found a staircase to the Crypt.
 49750 | Vaults:4 | Reached XP level 22. HP: 71/144 MP: 26/33
 50103 | Vaults:4 | Found Rarghi's Gadget Emporium.
 50578 | Vaults:4 | Reached skill level 17 in Fighting
 51064 | Vaults:4 | Noticed Mara
 51075 | Vaults:4 | Found Fuont's Antique Armour Shop.
 51185 | Vaults:4 | Noticed PikkenKukken's illusion
 51408 | Vaults:4 | Noticed PikkenKukken's illusion
 51412 | Vaults:4 | Killed Mara
 51824 | Elf:3    | Entered Level 3 of the Elven Halls
 51920 | Elf:3    | Found a runed door.
 51920 | Elf:3    | Found a shimmering altar of Xom.
 51920 | Elf:3    | Noticed temitten's ghost (adept MiBe)
 52042 | Elf:3    | Found Ytuudog's Jewellery Shop.
 52043 | Elf:3    | Found Yteatsie's Gadget Shoppe.
 52044 | Elf:3    | Found Diaprij's Jewellery Shop.
 52339 | Elf:3    | Reached skill level 10 in Translocations
 53366 | Elf:3    | Identified the amulet of Due Proportion {rC+ MR++ Regen+}
 53823 | Elf:3    | Learned a level 2 spell: Swiftness
 53869 | Elf:3    | Identified the +2 leather armour of the Scribe {rPois
                  | Regen+ Int-2}
 53899 | Elf:3    | Identified the amulet "Fikijeal" {Faith rC+ SInv}
 54415 | Elf:3    | Identified the Collected Works on Hurtful Moulding
 54445 | Elf:3    | Learned a level 2 spell: Blink
 54453 | Elf:3    | Identified the +11 fustibalus of Generosity {speed, -Tele
                  | MR+ Str+10 Stlth+} (You found it on level 3 of the Elven
                  | Halls)
 54585 | Elf:3    | Bought a +5 ring of intelligence for 535 gold pieces
 54937 | Depths:1 | Entered Level 1 of the Depths
 54960 | Depths:1 | Reached XP level 23. HP: 152/152 MP: 34/34
 55314 | Depths:1 | Reached skill level 18 in Fighting
 56618 | Depths:1 | Found a gateway to Hell.
 56725 | Depths:1 | Identified the Papyrus of Creative Toxins
 57018 | Crypt:1  | Entered Level 1 of the Crypt
 58135 | Crypt:2  | Reached XP level 24. HP: 152/159 MP: 34/34
 58267 | Crypt:2  | Reached skill level 10 in Charms
 58405 | Crypt:2  | Noticed a greater mummy
 58410 | Crypt:2  | Noticed Khufu
 59148 | Crypt:2  | Killed a greater mummy
 59190 | Crypt:2  | Killed Khufu
 59250 | Crypt:3  | Entered Level 3 of the Crypt
 59303 | Crypt:3  | Noticed Sojobo
 59319 | Crypt:3  | Noticed Frederick
 59323 | Crypt:3  | Killed Sojobo
 59337 | Crypt:3  | Killed Frederick
 59366 | Crypt:3  | Identified a +9 eveningstar of holy wrath (a +7 eveningstar
                  | blessed by the Shining One)
 59366 | Crypt:3  | Received a gift from the Shining One
 59539 | Crypt:3  | Noticed Saint Roka
 59582 | Crypt:3  | Killed Saint Roka
 59843 | Crypt:3  | Found a staircase to the Tomb.
 59936 | Crypt:3  | Reached skill level 19 in Fighting
 60075 | Crypt:3  | Found an ancient bone altar of Kikubaaqudgha.
 60075 | Crypt:3  | Noticed a curse toe
 60094 | Crypt:3  | Killed a curse toe
 60124 | Crypt:3  | Found a basalt altar of Yredelemnul.
 60169 | Crypt:3  | Got a scintillating golden ring
 60172 | Crypt:3  | Identified the ring "Jupu" {rF+ Slay+2 SInv} (You found it
                  | on level 3 of the Crypt)
 60210 | Crypt:3  | Identified the cursed +1 plate armour "Pufatuce" {Int+3}
                  | (You found it on level 3 of the Crypt)
 60761 | Depths:2 | Found a one-way gate leading to the halls of Pandemonium.
 61226 | Depths:2 | Found a flickering gateway to a bazaar.
 61233 | Bazaar   | Entered a bazaar
 61235 | Bazaar   | Found Xeurak's Book Boutique.
 61239 | Bazaar   | Found Aliec's Antique Armour Boutique.
 61239 | Bazaar   | Found Aqyat's Antique Weapon Boutique.
 61239 | Bazaar   | Found Qaab's General Store.
 61247 | Bazaar   | Bought a scroll of acquirement for 676 gold pieces
 61260 | Bazaar   | Bought a glowing helmet for 202 gold pieces
 61286 | Bazaar   | Bought the +1 plate armour of Tyedd {rF++ rC- rN+ Int+3}
                  | for 728 gold pieces
 61685 | Depths:2 | Identified Voigut's Volume of Helpful Transformation
 61708 | Depths:2 | Noticed a juggernaut
 61726 | Depths:2 | Killed a juggernaut
 61726 | Depths:2 | Reached XP level 25. HP: 157/166 MP: 24/34
 61885 | Depths:2 | Found a one-way gate to the infinite horrors of the Abyss.
 62036 | Depths:3 | Found a gateway to a ziggurat.
 63195 | Depths:3 | You are sucked into a shaft for 2 floors!
 63195 | Depths:5 | Entered Level 5 of the Depths
 64101 | Depths:3 | Noticed Margery
 64119 | Depths:3 | Killed Margery
 64284 | Depths:3 | Reached skill level 15 in Air Magic
 65020 | Depths:3 | Reached skill level 20 in Fighting
 66082 | Depths:3 | Identified Toujo's Catalogue of Ice and Dislocation
 66095 | Depths:3 | Got a heavily runed iron ring
 66096 | Depths:3 | Identified the ring of Fyonli {rCorr SInv} (You found it on
                  | level 3 of the Depths)
 66140 | Depths:3 | Reached XP level 26. HP: 174/174 MP: 34/34
 67010 | Depths:4 | Noticed an ancient lich
 67024 | Depths:4 | Killed an ancient lich
 67109 | Depths:4 | Identified the Grimoire of Stolen Souls
 67800 | Depths:4 | Found a runed door.
 67800 | Depths:4 | Noticed Ufys's ghost (veteran GrFE)
 68294 | Depths:5 | Noticed Xtahua
 68635 | Depths:5 | Killed Xtahua
 68635 | Depths:5 | Reached skill level 21 in Fighting
 68832 | Depths:5 | Reached skill level 15 in Translocations
 70319 | Depths:5 | Reached XP level 27. HP: 183/183 MP: 34/34
 70585 | Depths:5 | Found a gate to the Realm of Zot.
 70638 | Depths:4 | Voluntarily entered the Abyss.
 70935 | Abyss:1  | Found a corrupted altar of Lugonu.
 70956 | Abyss:1  | Found a corrupted altar of Lugonu.
 71056 | Abyss:1  | Reached skill level 22 in Fighting
 71164 | Depths:4 | Escaped the Abyss
 72451 | Vaults:1 | Killed Fol Koek's ghost
 72458 | Vaults:2 | Killed Fol Koek's ghost
 72476 | Vaults:2 | Killed Dehatel's ghost
 72541 | Vaults:2 | Killed Sydeak's ghost
 72653 | Vaults:2 | Killed Ciwnetz's ghost
 72891 | Vaults:5 | Entered Level 5 of the Vaults
 72900 | Vaults:5 | Reached skill level 23 in Fighting
 73881 | Vaults:4 | Killed from afar by a lich

Vault maps used:
D:1:      onia_arrival_handbag, minmay_misc_feat_diagonals, corner_web_ring,
          kennysheep_pointless_box, minmay_pentomino_o2
D:3:      first_ration, chequers_ecumenical_altar_island
D:4:      serial_shops, shop, nicolae_underground_beach
D:5:      minmay_temple_entry_mist, uniq_grinder
D:6:      kennysheep_okawaru_gauntlet, uniq_blork_the_orc
D:7:      lemuel_crystal_altar, nicolae_overflow_hidden_temple
D:8:      lemuel_doored_altar, overflow_temple_1_default,
          nemelex_xobeh_ov_fountains_minmay, hangedman_little_slice_of_home,
          minmay_statues_item, minmay_stone_trees_small, uniq_erica
D:9:      lemuel_round_altar, hiddenorc1_lemuel, serial_shops, shop
D:10:     gammafunk_beogh_shrine, due_lair_maze_entry_diamond, uniq_grum
D:11:     serial_shops, shop
D:12:     serial_shops, shop_statue
D:13:     erik_vaults_2, minmay_guarded_unrand_vampires_tooth, uniq_rupert,
          uniq_frances, uniq_azrael
D:14:     kennysheep_demon_hangout, small_statue_intersection,
          minmay_misc_feat_room, grunt_decor_cap, uniq_roxanne
D:15:     gammafunk_enter_depths_forms, minivault_26, special_room
Temple:   regret_index_temple_waves
Lair:2:   wad_woods_minihive, st_stairs_11, lemuel_fruit_fields
Lair:3:   dummy_snake_entry
Lair:4:   gammafunk_cloud_chamber, nicolae_swamp_entry_splash_gauntlet,
          basic_altar, uniq_josephine
Lair:5:   regret_index_bee_streams, slime_altar_1,
          portal_ice_cave_entry_animals_and_master, basic_altar
Lair:6:   minmay_lair_end_enchanted_forest, chequers_serial_rivers_small_b,
          columned_hall_lemuel
Swamp:1:  evilmike_swamp_ruin_house_6, swamp_pool1, uniq_kirke
Swamp:2:  nicolae_swamp_very_dense_foliage, swamp_pool5
Swamp:3:  evilmike_swamp_ruin_house_2, swamp_pool1, hangedman_swamp_pad
Swamp:4:  swamp, infiniplex_staircase_pool
Snake:2:  serial_shops, shop, grunt_megastairs_2
Snake:3:  basic_altar, st_stairs_13, guppyfry_snake_island
Snake:4:  minmay_snake_end_coiled, lemuel_fruit_tree, basic_stair_grate_trap
Orc:2:    pubby_orc_utopia, uniq_nessos
Elf:1:    minmay_elf_arrival_summoners, serial_shops, shop,
          minmay_elf_demonology, minmay_shop_star
Elf:3:    elf_hall, ebering_ghost_xom, nrook_loot_triangle, minmay_shop_grove
Vaults:1: vaults_room_fours, st_lattice, ontoclasm_vaults_pinch, v_misc_11,
          v_misc_17, vaults_room_boxed, hangedman_vaults_nodes,
          vaults_room_hallway, hangedman_vaults_slither, ontoclasm_vaults_chip,
          nicolae_vaults_little_squares_4
Vaults:2: gammafunk_vaults_ghost_cemetery, ontoclasm_vaults_fault,
          nicolae_vaults_angled_halls, nicolae_vaults_little_squares_6,
          nicolae_vaults_network_square, vaults_dpeg_cross, v_misc_3,
          vaults_dpeg_encased_lava, v_misc_1,
          nicolae_vaults_stairing_the_circle, hangedman_vaults_river_flow,
          ontoclasm_vaults_chip, uniq_asterion
Vaults:3: nicolae_vaults_hallways_thing, ontoclasm_vaults_claustrophobia,
          nicolae_vaults_good_morning_starshine, v_misc_32,
          ontoclasm_vaults_gateway, grunt_vaults_bifocal,
          blue_anna_dwarven_crypt, vaults_room_grunt_arrival_ludios,
          vaults_dpeg_hooks, nicolae_vaults_rhombus_7, vaults_room_pools,
          nicolae_vaults_little_ls, nicolae_vaults_three_branches,
          nicolae_vaults_little_squares_5, ontoclasm_vaults_chip, uniq_nikola
Vaults:4: nicolae_vaults_windows_and_doors_thing, v_alt_pattern_1, v_misc_25,
          v_misc_9, st_diamondy, hangedman_vaults_stretched_pinwheel,
          hangedman_vaults_corner_blocks, ontoclasm_vaults_hangar,
          v_alt_pattern_3, v_misc_18, nicolae_vaults_bisected_slash,
          serial_shops, shop, nicolae_shop_overgrown_old_shop, uniq_mara
Crypt:1:  grunt_crypt_arrival_webbed
Crypt:2:  ragdoll_tomb_raider
Crypt:3:  lightli_unholy_cathedral, tomb_entry_simple_bobbens, uniq_saint_roka,
          uniq_sojobo, uniq_frederick
Depths:1: pf_coc_iceberg, minmay_hedge_maze, hangedman_decor_push,
          minmay_variable_closet, minmay_the_grid_2x2
Depths:2: minmay_stepped, hell_entry, pan_entry, serial_shops, bzr_entry_safe,
          abyss_entry_small_statue_room
Depths:3: grunt_runaround, pan_entry, hell_entry, uniq_margery
Depths:4: kennysheep_cluttered_fort, ebering_ghost_inner_flame,
          grunt_hell_entry_dis_mu, special_room, kennysheep_flooded_box,
          abyss_entry
Depths:5: grunt_zot_entry_gee_three, hell_entry, chequers_serial_rivers_small_a,
          roderic_lattice_a, serial_bayou_lagoon_a, uniq_xtahua
Bazaar:   bazaar_minmay_cross
IceCv:    ice_cave_small_necro

Skill      XL: |  1  2  3  4  5  6  7  8  9 10 11 12 13 14 15 16 17 18 19 20 21 22 23 24 25 26 27 |
---------------+----------------------------------------------------------------------------------+-----
Maces & Flails | 3 4 5 7 8 10 11 12 15 16 | 16.0
Shields        | 4 5 6 7 8 9 11 12 13 14 15 | 15.0
Fighting       | 4 5 6 7 9 10 11 12 13 14 15 16 17 18 19 20 21 23 | 23.5
Armour         | 4 5 6 7 8 9 10 11 12 14 15 16 17 18 19 20 | 20.0
Invocations    | 1 3 5 6 7 8 9 10 11 12 14 15 | 15.3
Spellcasting   | 1 3 5 7 |  7.4
Dodging        | 1 3 5 |  5.8
Translocations | 3 5 6 8 9 10 11 12 13 15 | 15.4
Summonings     | 2 4 |  4.0
Air Magic      | 2 4 5 7 9 11 12 13 14 15 | 15.0
Charms         | 3 6 8 9 11 12 14 | 14.0

Action                   |  1- 3 |  4- 6 |  7- 9 | 10-12 | 13-15 | 16-18 | 19-21 | 22-24 | 25-27 || total
-------------------------+-------+-------+-------+-------+-------+-------+-------+-------+-------++-------
Melee: Flail             |   115 |   356 |   337 |   123 |       |       |       |       |       ||   931
       Morningstar       |       |       |       |   833 |  1393 |       |       |       |       ||  2226
       Whip              |       |       |       |       |   386 |       |       |       |       ||   386
       Eveningstar       |       |       |       |       |    92 |  2122 |  2241 |  1926 |  1653 ||  8034
 Cast: Lesser Beckoning  |       |       |       |       |       |    10 |    52 |    37 |    11 ||   110
       Blink             |       |       |       |       |       |       |       |     2 |     4 ||     6
       Deflect Missiles  |       |       |       |       |       |       |       |       |     3 ||     3
Invok: Divine Shield     |       |       |       |     3 |     7 |     6 |     6 |     9 |     2 ||    33
       Summon Divine War |       |       |       |       |     5 |     3 |     5 |     6 |     3 ||    22
       Cleansing Flame   |       |       |       |       |     3 |     1 |     7 |    15 |     6 ||    32
       Brand Weapon With |       |       |       |       |       |       |       |     1 |       ||     1
 Abil: Fly               |       |       |       |       |     1 |       |       |     2 |     4 ||     7
       Stop Flying       |       |       |       |       |       |       |       |     2 |     4 ||     6
Evoke: Wand              |       |       |       |     3 |     4 |     6 |       |       |     1 ||    14
  Use: Scroll            |     4 |     3 |     5 |     8 |    18 |    11 |     4 |    13 |    10 ||    76
       Potion            |       |     2 |     1 |       |     4 |     5 |     2 |     3 |     4 ||    21
  Eat: Chunk             |       |     9 |     8 |    17 |    40 |    21 |    21 |    20 |    18 ||   154
       Ration            |       |       |     1 |     2 |     1 |     7 |     7 |     8 |     9 ||    35
Armor: Scale mail        |    80 |   233 |    66 |    19 |   692 |   147 |       |       |       ||  1237
       Chain mail        |       |       |    70 |    86 |       |   818 |   241 |       |       ||  1215
       Plate armour      |       |       |       |   533 |       |       |   880 |   856 |  1253 ||  3522
       Gold dragon scale |       |       |       |       |       |       |       |       |    46 ||    46
Dodge: Dodged            |    57 |   108 |    84 |   309 |   691 |   622 |   608 |   608 |   590 ||  3677
       Deflected         |       |       |       |       |    36 |    91 |    73 |    52 |    73 ||   325
Block: Shield            |    62 |   205 |   128 |   697 |  1195 |  1338 |  1628 |  1241 |  1219 ||  7713

Table legend:
 A = Non-vault XP
 B = Vault XP
 C = Vault XP percentage of total XP
 D = Non-vault monster count
 E = Vault monster count
 F = Vault count percentage of total count
                 A         B        C        D         E       F
            +---------+---------+-------+---------+---------+-------
      Total |  639518 |  769237 |  54.6 |    1446 |    1106 |  43.3
            +---------+---------+-------+---------+---------+-------
        D:1 |      94 |      16 |  14.5 |      24 |       6 |  20.0
        D:2 |     144 |       0 |   0.0 |      27 |       0 |   0.0
        D:3 |     160 |       0 |   0.0 |      20 |       0 |   0.0
        D:4 |     272 |       0 |   0.0 |      16 |       0 |   0.0
        D:5 |    1021 |     373 |  26.8 |      23 |       2 |   8.0
        D:6 |     820 |       0 |   0.0 |      16 |       0 |   0.0
        D:7 |     510 |       0 |   0.0 |      16 |       0 |   0.0
        D:8 |    2420 |    1097 |  31.2 |      31 |      14 |  31.1
        D:9 |    3588 |     174 |   4.6 |      34 |      12 |  26.1
       D:10 |    3803 |    4952 |  56.6 |      35 |      30 |  46.2
       D:11 |    5811 |       0 |   0.0 |      33 |       0 |   0.0
       D:12 |    3359 |    8881 |  72.6 |      26 |      12 |  31.6
       D:13 |   12410 |   10719 |  46.3 |      27 |      16 |  37.2
       D:14 |    4494 |    2270 |  33.6 |      24 |       4 |  14.3
       D:15 |   25503 |    5886 |  18.8 |      57 |      29 |  33.7
     Lair:1 |    3361 |       0 |   0.0 |      18 |       0 |   0.0
     Lair:2 |    3200 |    3444 |  51.8 |      16 |      49 |  75.4
     Lair:3 |    6796 |      66 |   1.0 |      22 |       1 |   4.3
     Lair:4 |    4026 |    8902 |  68.9 |      16 |      34 |  68.0
     Lair:5 |    1431 |    7553 |  84.1 |       8 |      42 |  84.0
     Lair:6 |    5750 |    8817 |  60.5 |      26 |      45 |  63.4
    Swamp:1 |    9718 |    2594 |  21.1 |      27 |       3 |  10.0
    Swamp:2 |    5657 |       0 |   0.0 |      21 |       0 |   0.0
    Swamp:3 |   12627 |       0 |   0.0 |      25 |       0 |   0.0
    Swamp:4 |   16156 |   13936 |  46.3 |      36 |      25 |  41.0
    Snake:1 |   10681 |       0 |   0.0 |      22 |       0 |   0.0
    Snake:2 |   19619 |    1555 |   7.3 |      46 |       4 |   8.0
    Snake:3 |   37582 |    7033 |  15.8 |      64 |      10 |  13.5
    Snake:4 |   33816 |   18606 |  35.5 |      60 |      37 |  38.1
      Orc:1 |     375 |      21 |   5.3 |       9 |       7 |  43.8
      Orc:2 |       0 |   22182 | 100.0 |       0 |     148 | 100.0
      Elf:1 |   20366 |    7395 |  26.6 |      37 |      12 |  24.5
      Elf:2 |   16231 |   25720 |  61.3 |      25 |      30 |  54.5
      Elf:3 |   20142 |   42174 |  67.7 |      30 |      32 |  51.6
   Vaults:1 |   37542 |   27122 |  41.9 |      70 |      40 |  36.4
   Vaults:2 |   11659 |   40560 |  77.7 |      27 |      36 |  57.1
   Vaults:3 |   27578 |   26079 |  48.6 |      42 |      41 |  49.4
   Vaults:4 |   47704 |   52711 |  52.5 |      77 |      46 |  37.4
   Vaults:5 |   13238 |   43868 |  76.8 |      20 |      41 |  67.2
    Crypt:1 |   49747 |       0 |   0.0 |      75 |       0 |   0.0
    Crypt:2 |   12647 |   28290 |  69.1 |      27 |      13 |  32.5
    Crypt:3 |    8990 |   60139 |  87.0 |      14 |      53 |  79.1
   Depths:1 |   24308 |   29199 |  54.6 |      30 |      27 |  47.4
   Depths:2 |   22212 |   39240 |  63.9 |      33 |      15 |  31.2
   Depths:3 |    2901 |  150160 |  98.1 |       5 |     100 |  95.2
   Depths:4 |   38435 |   29013 |  43.0 |      45 |      19 |  29.7
   Depths:5 |   31331 |   32568 |  51.0 |      24 |      17 |  41.5
    Abyss:1 |   19283 |       0 |   0.0 |      40 |       0 |   0.0
      IceCv |       0 |    5922 | 100.0 |       0 |      54 | 100.0
            +---------+---------+-------+---------+---------+-------
